 Dungeon Crawl Stone Soup version 0.19.5 (webtiles) character file.

151450 McKennaii the Severer (level 16, -3/151 HPs)
             Began as a Minotaur Fighter on May 2, 2017.
             Was the Champion of Okawaru.
             Splashed with acid (10 damage)
             ... on level 1 of the Pits of Slime.
             The game lasted 01:39:14 (29934 turns).

McKennaii the Severer (Minotaur Fighter)           Turns: 29934, Time: 01:39:15

Health: -3/151     AC: 35    Str: 26    XL:     16   Next: 71%
Magic:  19/19      EV: 11    Int:  5    God:    Okawaru [******]
Gold:   1696       SH:  0    Dex: 28    Spells: 0 memorised, 15 levels left

rFire  . . .     SeeInvis +     U - +8 broad axe of Josa {elec, Dex+6}
rCold  . . .     Gourm    .     L - +1 crystal plate armour "Pouga" {rF+ Str+4}
rNeg   . . .     Faith    .     V - +0 shield {reflect}
rPois  +         Spirit   .     O - +1 hat {MR+}
rElec  .         Reflect  +     v - +2 cloak of Tiorhaz {rPois rF- Regen+ SInv}
rCorr  .         Harm     .     C - +2 pair of gloves
MR     ++...                    P - +2 pair of boots {Stlth+}
Stlth  ..........               A - +2 amulet of reflection
                                K - +3 ring of slaying
                                Y - +6 ring of dexterity

@: confused
A: retaliatory headbutt, horns 2
a: Heroism, Finesse, Renounce Religion
}: 1/15 runes: decaying


You were on level 1 of the Pits of Slime.
You worshipped Okawaru.
Okawaru was exalted by your worship.
You were not hungry.

You visited 5 branches of the dungeon, and saw 27 of its levels.
You also visited: Labyrinth.

You collected 1696 gold pieces.

Inventory:

Hand Weapons
 q - the +11 shortbow of the Endless March {velocity, +Fly rN+ MP+9}
   (Okawaru gifted it to you on level 6 of the Lair of Beasts)

   Any arrow fired from it inflicts extra damage.
   It protects you from negative energy.
   It affects your magic capacity (+9).
   It lets you fly.
 U - the +8 broad axe of Josa (weapon) {elec, Dex+6}
   (Okawaru gifted it to you on level 14 of the Dungeon)

   Occasionally, upon striking a foe, it will discharge some electrical energy
   and cause terrible harm.
   It affects your dexterity (+6).
Armour
 v - the +2 cloak of Tiorhaz (worn) {rPois rF- Regen+ SInv}
   (Okawaru gifted it to you on level 3 of the Swamp)

   It makes you vulnerable to fire.
   It protects you from poison.
   It lets you see invisible.
   It increases your rate of regeneration.
 C - a +2 pair of gloves (worn)
 L - the +1 crystal plate armour "Pouga" (worn) {rF+ Str+4}
   (You acquired it on level 4 of the Lair of Beasts)

   It affects your strength (+4).
   It protects you from fire.
 O - a +1 hat of magic resistance (worn)
 P - a +2 pair of boots of stealth (worn)
 V - a +0 shield of reflection (worn)
Rods
 H - a +2 iron rod (12/12)
   (You took it off a minotaur in a labyrinth)
Jewellery
 a - an uncursed ring of resist corrosion
 h - an uncursed amulet of the gourmand
 w - an uncursed ring of positive energy
 x - an uncursed ring of poison resistance
 y - an uncursed ring of protection from fire
 A - a +2 amulet of reflection (around neck)
 K - a +3 ring of slaying (right hand)
 N - an uncursed ring of protection from cold
 W - an uncursed ring of protection from magic
 Y - a +6 ring of dexterity (left hand)
Wands
 l - a wand of polymorph (9/24)
 t - a wand of lightning (12/15)
 T - a wand of digging (4/24)
 X - a wand of confusion (29/48)
Scrolls
 b - a scroll of holy word
 g - 15 scrolls of identify
 j - 7 scrolls of magic mapping
 k - 5 scrolls of fear
 m - 9 scrolls of remove curse
 o - 7 scrolls of amnesia
 r - 5 scrolls of silence
 z - a scroll of brand weapon
 D - 2 scrolls of fog
 E - a scroll of blinking
 J - 2 scrolls of enchant weapon
 Q - 2 scrolls of recharging
 S - 8 scrolls of teleportation
Potions
 d - 4 potions of might
 e - 2 potions of brilliance
 i - 4 potions of flight
 n - 3 potions of curing
 p - a potion of agility
 B - 2 potions of berserk rage
 F - a potion of invisibility
 G - a potion of cancellation
Books
 c - Roxanne's Compendium of Moulding
   (You took it off Roxanne on level 4 of the Swamp)

   Spells                             Type                      Level
   a - Ignite Poison                  Fire/Transmutation/Poison    3
   b - Spider Form                    Transmutation/Poison         3
   c - Statue Form                    Transmutation/Earth          6
   d - Dragon Form                    Transmutation                7
Comestibles
 f - 18 bread rations
 u - 4 royal jellies
 I - 11 meat rations
 R - 11 fruits
 Z - a chunk of flesh


   Skills:
 + Level 16.0 Fighting
 + Level 19.5 Axes
 + Level 14.0 Armour
 + Level 6.7 Dodging
 + Level 3.4 Stealth
 + Level 17.2 Shields
 + Level 5.8 Invocations
 + Level 2.4 Evocations


You had 15 spell levels left.
You didn't know any spells.

Dungeon Overview and Level Annotations

Branches:
Dungeon (15/15)            Temple (1/1) D:5            Lair (6/6) D:9
  Swamp (4/4) Lair:4       Spider (0/4) Lair:2        Slime (1/5) Lair:5
    Orc (0/2) D:11         Vaults (0/5) D:14         Depths (0/5) D:15

Altars:
Ashenzari
Cheibriados
Dithmenos
Elyvilon
Fedhas
Gozag
Hepliaklqana
Kikubaaqudgha
Makhleb
Nemelex Xobeh
Okawaru
Qazlal
Ru
Sif Muna
Trog
Uskayaw
Vehumet
Xom
Yredelemnul
Zin
The Shining One

Shops:
D:6 =   D:15 :

Annotations:
D:4 exclusion: statue, McKennaii's ghost, novice MiFi


Innate Abilities, Weirdness & Mutations

You reflexively headbutt those who attack you in melee.
You have a pair of horns on your head.


Message History

The large slime creature hits you.
* * * LOW HITPOINT WARNING * * *
The golden eye blinks!
You are splashed with acid!
The wall burns you!
* * * LOW HITPOINT WARNING * * *
You barely miss the large slime creature.
The large slime creature is lightly wounded.
You are splashed with acid!
The wall burns you!
* * * LOW HITPOINT WARNING * * *
The golden eye blinks!
A large slime creature splits.
The slime creature hits you!
* * * LOW HITPOINT WARNING * * *
You are splashed with acid!
The wall burns you!
* * * LOW HITPOINT WARNING * * *
The slime creature barely misses you.
You are splashed with acid!
The wall burns you!
* * * LOW HITPOINT WARNING * * *
You bump into the slime covered rock wall.
You are splashed with acid!
The wall burns you!
You die...

###..............
##.#..............
#.................
##.................
##..................
#...................
##.....#.............
#...#......J.........
#....#...@J#........
#...###...###.......
#...#.....#........
.##..................
.........<...........
...............G.....
......#.....#........
.....###...###....
.#... .....# ....


You could see 2 slime creatures.

Vanquished Creatures
  Agnes (D:15)
  Roxanne (Swamp:4)
  Donald (Swamp:3)
  Kirke (D:15)
  Gastronok (D:11)
  A storm dragon (Lair:5)
  Louise (Swamp:4)
  A very ugly thing (Swamp:4)
  2 dire elephants (Lair:6)
  An ettin (D:14)
  A minotaur (Lab)
  Josephine (D:10)
  4 fire dragons
  A vault guard (D:14)
  Fannar (D:10)
  A yaktaur captain (D:15)
  An ice dragon (D:11)
  The ghost of Tynka the Fighter, a journeyman OpAs of Dithmenos (D:12)
  A merfolk avatar (Lair:6)
  17 hydras
  3 ghost crabs
  9 alligators
  7 centaur warriors
  The ghost of Ashiichan the Zephyrmancer, a journeyman HEAE of Qazlal (Lair:2)
  2 tengu warriors (D:15)
  Nergalle (D:11)
  11 spriggans
  A shadow wraith (D:14)
  A fire crab (Swamp:4)
  5 spriggan druids
  A sea snake (Lair:6)
  An unseen horror (D:13)
  A swamp dragon (shapeshifter) (D:14)
  12 swamp dragons
  A shambling mangrove (Swamp:2)
  Pikel (D:6)
  4 hill giants
  3 deep elf magi
  2 harpies (Lair:6)
  2 lindwurms
  An orc knight (D:15)
  An orb spider (Lair:2)
  3 oklob plants
  13 ugly things
  A wolf spider zombie (D:14)
  3 cyclopes
  2 manticores
  Joseph (D:7)
  2 black mambas (Lair:6)
  8 elephants (Lair:6)
  Psyche (D:12)
  A gargoyle (D:15)
  16 spiny frogs
  6 rime drakes
  8 komodo dragons
  An efreet (D:13)
  2 tengu conjurers (D:15)
  3 trolls
  A queen bee (D:10)
  16 hornets
  5 tyrant leeches
  A two-headed ogre (D:12)
  8 polar bears
  Prince Ribbit (D:7)
  A wind drake (Lair:6)
  8 bog bodies
  18 blink frogs
  17 slime creatures
  A meliai zombie (D:12)
  12 hippogriffs
  A centaur simulacrum (D:10)
  2 redbacks (Lab)
  2 shadows
  A vampire (D:11)
  36 yaks
  4 wyverns
  6 wraiths
  2 basilisks
  3 golden eyes
  3 steam dragons
  2 hogs (D:15)
  3 hungry ghosts
  4 vampire mosquitoes (Swamp:3)
  2 mottled dragons (Swamp:4)
  Menkaure (D:5)
  A warg (D:15)
  16 water moccasins
  8 insubstantial wisps
  A soldier ant (D:12)
  18 swamp worms
  5 porcupines
  12 swamp drakes
  9 orc warriors
  8 ice beasts
  3 black bears
  2 eyes of draining (D:14)
  8 ogres
  4 sky beasts
  2 phantoms
  13 wolves
  24 centaurs
  20 crocodiles
  A big kobold (D:7)
  18 bullfrogs
  A gnoll sergeant (D:7)
  A water moccasin zombie (D:9)
  A wyvern skeleton (D:12)
  8 scorpions
  7 wights
  22 killer bees
  2 electric eels
  3 howler monkeys (D:10)
  5 centaur zombies
  4 crimson imps
  4 bullfrog skeletons
  A bullfrog zombie (D:7)
  7 orc priests
  11 hounds
  2 jellies
  2 centaur skeletons
  4 iguanas
  14 orc wizards
  9 worker ants
  2 hound skeletons
  A killer bee simulacrum (D:10)
  5 gnolls (D:7)
  A howler monkey skeleton (D:6)
  13 adders
  A river rat (D:5)
  4 shadow imps
  2 white imps (D:10)
  3 ufetubi (D:10)
  An ooze (D:3)
  An adder zombie (D:6)
  An adder skeleton (D:5)
  6 worms
  7 leopard geckos
  49 orcs
  2 ball pythons
  7 giant cockroaches
  10 goblins
  6 hobgoblins
  8 jackals
  10 kobolds
  5 quokkas
  4 bats
  8 frilled lizards
  8 rats
  A bush (Lair:2)
  4 fungi (Lair:6)
  4 plants
798 creatures vanquished.

Vanquished Creatures (others)
  Aizul (Swamp:4)
  A spriggan (Swamp:3)
  2 slaves
  2 swamp drakes (Swamp:4)
  4 centaurs
  An orc wizard (D:9)
  An ooze (D:6)
  2 orcs (D:9)
  A leopard gecko zombie (D:6)
  A quokka zombie (D:9)
  A fungus (Lair:1)
  3 plants (Lair:6)
20 creatures vanquished.

Grand Total: 818 creatures vanquished

Notes
Turn   | Place    | Note
-------+----------+-------------------------------------------
     0 | D:1      | McKennaii the Minotaur Fighter began the quest for the Orb.
     0 | D:1      | Reached XP level 1. HP: 19/19 MP: 0/0
   254 | D:1      | Reached XP level 2. HP: 27/27 MP: 1/1
   819 | D:2      | Reached XP level 3. HP: 33/33 MP: 2/2
   852 | D:2      | Reached skill level 3 in Axes
   863 | D:2      | Found an ancient bone altar of Kikubaaqudgha.
  1323 | D:2      | Found a faded altar of an unknown god.
  1707 | D:2      | Reached XP level 4. HP: 36/40 MP: 3/3
  2153 | D:3      | Found a deep blue altar of Sif Muna.
  2241 | D:3      | Found a basalt altar of Yredelemnul.
  2890 | D:4      | Noticed a phantom
  2896 | D:4      | Noticed McKennaii's ghost (novice MiFi)
  3006 | D:4      | Reached skill level 4 in Axes
  3006 | D:4      | Reached XP level 5. HP: 25/47 MP: 4/4
  3807 | D:4      | Killed a phantom
  3807 | D:4      | Reached skill level 5 in Armour
  3807 | D:4      | Reached skill level 1 in Dodging
  3807 | D:4      | Reached XP level 6. HP: 37/55 MP: 5/5
  3949 | D:4      | Found a stormy altar of Qazlal.
  4006 | D:4      | Found a radiant altar of Vehumet.
  4053 | D:5      | Entered Level 5 of the Dungeon
  4065 | D:5      | Reached skill level 5 in Fighting
  4065 | D:5      | Reached skill level 5 in Axes
  4254 | D:5      | Noticed Menkaure
  4310 | D:5      | Killed Menkaure
  4310 | D:5      | Reached skill level 5 in Shields
  4632 | D:5      | Reached skill level 6 in Axes
  4640 | D:5      | Reached XP level 7. HP: 56/61 MP: 6/6
  4648 | D:5      | Found a staircase to the Ecumenical Temple.
  4673 | D:5      | Identified the Tome of Enhancements and Moulding
  5226 | Temple   | Entered the Ecumenical Temple
  5284 | Temple   | Became a worshipper of Warmaster Okawaru
  5392 | D:6      | Reached skill level 7 in Axes
  5577 | D:6      | Reached XP level 8. HP: 52/70 MP: 7/7
  5671 | D:6      | Found Laolam's Jewellery Emporium.
  5673 | D:6      | Noticed Pikel
  5705 | D:6      | Killed Pikel
  5705 | D:6      | Reached * piety under Okawaru
  5705 | D:6      | Reached skill level 8 in Axes
  6396 | D:7      | Reached ** piety under Okawaru
  6431 | D:7      | Noticed Joseph
  6443 | D:7      | Killed Joseph
  6443 | D:7      | Reached skill level 9 in Axes
  6443 | D:7      | Reached XP level 9. HP: 33/78 MP: 8/8
  6484 | D:7      | Found a shattered altar of Ashenzari.
  6880 | D:7      | HP: 2/78 [orc warrior/stone (13)]
  7406 | D:7      | Reached skill level 10 in Axes
  7489 | D:7      | Noticed Prince Ribbit
  7498 | D:7      | Reached *** piety under Okawaru
  7524 | D:7      | Killed Prince Ribbit
  7943 | D:8      | Reached **** piety under Okawaru
  8199 | D:8      | Reached XP level 10. HP: 37/86 MP: 9/9
  8360 | D:8      | Reached skill level 11 in Axes
  9154 | D:8      | Reached skill level 1 in Stealth
  9369 | D:9      | Found a staircase to the Lair.
  9450 | D:9      | Noticed a hand axe
  9451 | D:9      | Noticed a hand axe
  9454 | D:9      | Found a hide-covered altar of Uskayaw.
  9592 | D:9      | Reached ***** piety under Okawaru
  9944 | D:9      | Reached skill level 12 in Axes
  9968 | D:9      | Found a snail-covered altar of Cheibriados.
  9968 | D:9      | Found a burning altar of Makhleb.
 10448 | D:10     | Entered Level 10 of the Dungeon
 10448 | D:10     | Noticed Fannar
 10541 | D:10     | Reached XP level 11. HP: 24/95 MP: 8/10
 10544 | D:10     | Reached skill level 10 in Shields
 10986 | D:10     | Noticed Josephine
 10987 | D:10     | Reached skill level 13 in Axes
 11024 | D:10     | Killed Josephine
 11024 | D:10     | Received a gift from Okawaru
 11883 | D:11     | Found a staircase to the Orcish Mines.
 11893 | D:11     | Noticed Nergalle
 11907 | D:11     | Killed Nergalle
 11989 | D:11     | Noticed an ice dragon
 12064 | D:11     | Reached skill level 14 in Axes
 12582 | D:11     | Reached ****** piety under Okawaru
 12752 | D:11     | Noticed a hill giant
 12756 | D:11     | Noticed Gastronok
 12761 | D:11     | Killed a hill giant
 12761 | D:11     | Reached skill level 10 in Armour
 12963 | D:10     | Killed Fannar
 13021 | D:11     | Killed Gastronok
 13021 | D:11     | Received a gift from Okawaru
 13021 | D:11     | Reached skill level 10 in Fighting
 13021 | D:11     | Reached skill level 5 in Dodging
 13021 | D:11     | Reached skill level 1 in Invocations
 13021 | D:11     | Reached XP level 12. HP: 81/106 MP: 3/12
 13110 | D:11     | Got the battleaxe "Afesch" {freeze}
 13117 | D:11     | Identified the +2 battleaxe "Afesch" {freeze, Int+2} (You took it off an orc on level 11 of the Dungeon)
 13351 | D:11     | Killed an ice dragon
 13632 | D:12     | Reached skill level 15 in Axes
 13721 | D:12     | Noticed Psyche
 13984 | D:12     | Killed Psyche
 14250 | D:12     | Noticed Tynka's ghost (journeyman OpAs)
 14264 | D:12     | Killed Tynka's ghost
 14459 | D:13     | Noticed a centaur warrior
 14466 | D:13     | Killed a centaur warrior
 14993 | D:14     | Got a slimy rapier
 14994 | D:14     | Identified the +9 rapier of Bicy {speed, Str+4 Int-2} (You found it on level 14 of the Dungeon)
 15033 | D:14     | Reached skill level 16 in Axes
 15059 | D:14     | Received a gift from Okawaru
 15606 | D:14     | Got a steaming broad axe {god gift}
 15607 | D:14     | Identified the +8 broad axe of Josa {elec, Dex+6} (Okawaru gifted it to you on level 14 of the Dungeon)
 15626 | D:14     | Reached XP level 13. HP: 67/115 MP: 13/13
 15712 | D:14     | Noticed an ettin
 15725 | D:14     | Killed an ettin
 15730 | D:14     | Noticed a fire dragon
 16261 | D:14     | Killed a fire dragon
 16851 | D:14     | Reached skill level 1 in Evocations
 17010 | D:14     | Found a gate to the Vaults.
 17148 | D:15     | Entered Level 15 of the Dungeon
 17174 | D:15     | Reached skill level 17 in Axes
 17248 | D:15     | Found an opulent altar of Gozag.
 17359 | D:15     | Received a gift from Okawaru
 17378 | D:15     | Found a staircase to the Depths.
 17610 | D:15     | Noticed Kirke
 17622 | D:15     | Killed Kirke
 17622 | D:15     | Reached XP level 14. HP: 127/127 MP: 7/15
 17717 | D:15     | Found Ytuil's Book Shop.
 17781 | D:15     | Noticed Agnes
 17788 | D:15     | Killed Agnes
 18597 | Lair:1   | Entered Level 1 of the Lair of Beasts
 18732 | Lair:1   | Paralysed by a hornet for 3 turns
 18757 | Lair:1   | Received a gift from Okawaru
 18764 | Lair:1   | Reached skill level 18 in Axes
 19618 | Lair:2   | Found a hole to the Spider Nest.
 19801 | Lair:2   | Noticed Ashiichan's ghost (journeyman HEAE)
 19810 | Lair:2   | Killed Ashiichan's ghost
 21292 | Lair:4   | Found a labyrinth entrance.
 21304 | Lab      | Entered a labyrinth
 21431 | Lab      | Got a warped lapis lazuli ring
 21433 | Lab      | Identified the ring "Ittyff" {*Tele Dex+4} (You found it in a labyrinth)
 21589 | Lair:4   | Identified a scroll of acquirement
 21592 | Lair:4   | Got a faintly glowing crystal plate armour
 21603 | Lair:4   | Identified the +1 crystal plate armour "Pouga" {rF+ Str+4} (You acquired it on level 4 of the Lair of Beasts)
 21689 | Lair:4   | Found a staircase to the Swamp.
 22276 | Lair:5   | Found a staircase to the Slime Pits.
 22815 | Lair:6   | Entered Level 6 of the Lair of Beasts
 22844 | Lair:5   | Noticed a storm dragon
 22844 | Lair:5   | an eight-headed hydra changed into a storm dragon
 22861 | Lair:5   | Killed a storm dragon
 23355 | Lair:6   | Received a gift from Okawaru
 23373 | Lair:6   | Got a transparent shortbow {god gift}
 23389 | Lair:6   | Reached XP level 15. HP: 136/136 MP: 17/17
 23757 | Lair:6   | Reached skill level 15 in Shields
 23868 | Lair:6   | Identified the +6 crystal plate armour of the Blizzard {rN+ rCorr Stlth-} (You found it on level 6 of the Lair of Beasts)
 24591 | Swamp:1  | Entered Level 1 of the Swamp
 25480 | Swamp:2  | Received a gift from Okawaru
 25499 | Swamp:2  | Got a smoking war axe {god gift}
 25503 | Swamp:2  | Identified the +5 war axe "Edghau Haju" {freeze, Fragile rPois Str+3 SInv} (Okawaru gifted it to you on level 2 of the Swamp)
 25933 | Swamp:2  | Paralysed by a hornet for 1 turns
 26459 | Swamp:3  | Reached skill level 19 in Axes
 26468 | Swamp:3  | Identified the +11 shortbow of the Endless March {velocity, +Fly rN+ MP+9} (Okawaru gifted it to you on level 6 of the Lair of Beasts)
 26633 | Swamp:3  | Noticed Donald
 26643 | Swamp:3  | Killed Donald
 26726 | Swamp:3  | Reached skill level 15 in Fighting
 26749 | Swamp:3  | Reached XP level 16. HP: 124/149 MP: 18/18
 27231 | Swamp:3  | Received a gift from Okawaru
 27295 | Swamp:4  | Entered Level 4 of the Swamp
 27336 | Swamp:4  | Noticed Louise
 27742 | Swamp:4  | Killed Louise
 27742 | Swamp:4  | Reached skill level 5 in Invocations
 28002 | Swamp:4  | Noticed Aizul
 28016 | Swamp:4  | Killed Aizul
 28468 | Swamp:3  | Received a gift from Okawaru
 28873 | Swamp:3  | Got a crude cloak {god gift}
 28885 | Swamp:3  | Identified the +2 cloak of Tiorhaz {rPois rF- Regen+ SInv} (Okawaru gifted it to you on level 3 of the Swamp)
 29322 | Swamp:4  | Noticed Roxanne
 29347 | Swamp:4  | Killed Roxanne
 29348 | Swamp:4  | Identified Roxanne's Compendium of Moulding (You took it off Roxanne on level 4 of the Swamp)
 29556 | Swamp:4  | Got a decaying rune of Zot
 29878 | Slime:1  | Entered Level 1 of the Pits of Slime
 29932 | Slime:1  | HP: 7/151 [acid (8)]
 29933 | Slime:1  | HP: 2/151 [acid (10)]
 29934 | Slime:1  | Splashed with acid

Skill      XL: |  1  2  3  4  5  6  7  8  9 10 11 12 13 14 15 16 |
---------------+-------------------------------------------------+-----
Armour         | 4 5 6 7 8 9 10 11 12 13 14 | 14.0
Fighting       | 4 5 6 7 8 10 12 13 15 16 | 16.0
Axes           | 3 4 6 7 9 10 12 14 16 17 18 19 | 19.5
Shields        | 4 5 6 7 8 9 11 12 13 14 16 17 | 17.2
Dodging        | 1 2 3 4 5 6 |  6.7
Stealth        | 1 2 3 |  3.4
Invocations    | 1 2 3 4 5 |  5.8
Evocations     | 1 2 |  2.4

Action                   |  1- 3 |  4- 6 |  7- 9 | 10-12 | 13-15 | 16-18 || total
-------------------------+-------+-------+-------+-------+-------+-------++-------
Melee: War axe           |   125 |   146 |   304 |   727 |       |       ||  1302
       Headbutt          |    16 |    26 |    64 |   188 |   246 |    88 ||   628
       Broad axe         |       |       |       |     3 |   809 |   261 ||  1073
Invok: Heroism           |       |       |       |    17 |    23 |     7 ||    47
       Finesse           |       |       |       |     4 |     4 |     4 ||    12
Evoke: Wand              |       |       |       |       |    31 |       ||    31
  Use: Scroll            |     2 |     5 |     1 |    15 |    14 |       ||    37
       Potion            |       |     1 |       |     7 |     4 |     3 ||    15
 Stab: Sleeping          |       |       |       |       |     4 |       ||     4
       Distracted        |       |       |       |       |     1 |       ||     1
  Eat: Chunk             |     2 |     5 |    13 |    29 |    16 |     1 ||    66
       Bread ration      |       |     1 |       |       |       |       ||     1
       Beef jerky        |       |       |       |     1 |     4 |     1 ||     6
       Pizza             |       |       |       |     1 |     2 |       ||     3
       Fruit             |       |       |       |       |     7 |       ||     7
       Meat ration       |       |       |       |       |     1 |       ||     1
       Royal jelly       |       |       |       |       |       |     4 ||     4
Armor: Scale mail        |    53 |    44 |    80 |   149 |    31 |       ||   357
       Plate armour      |       |       |       |       |    69 |       ||    69
       Crystal plate arm |       |       |       |       |   269 |   141 ||   410
Dodge: Dodged            |    34 |    40 |    93 |   213 |   278 |   101 ||   759
Block: Shield            |    60 |    68 |   184 |   406 |   617 |   208 ||  1543
       Reflection        |       |       |    15 |    27 |    23 |    10 ||    75
